[Event "17th Memorial Lezcano Montalvo 2025"]
[Site "Gran Canaria"]
[Date "2025.04.19"]
[Round "8.48"]
[White "Hernandez De Armas, Leonardo"]
[Black "Hernandez Guerra, Luna Yue"]
[Result "*"]
[Annotator "NA"]
[ECO "D32"]
[WhiteElo "1645"]
[BlackElo "1897"]
[PlyCount "46"]
[EventDate "2025.04.13"]
[EventType "swiss"]
[EventCountry "ESP"]
[SourceTitle "playchess.com"]
[Source "ChessBase"]
[SourceQuality "1"]
[TimeControl "5400+30"]

1. Nf3 c5 2. c4 Nc6 3. Nc3 e6 4. e3 Nf6 5. Be2 Be7 6. O-O O-O 7. a3 d5 8. cxd5 exd5 9. d4 c4 10. Ne5 Bd6 11. f4 Re8 12. Bf3 Bc7 13. b3 Ba5 14. b4 Bb6 15. g4 h6 16. h4 Ne4 17. Bxe4 dxe4 18. g5 Nxe5 19. dxe5 Qd3 20. Qxd3 exd3 21. Nd5 hxg5 22. hxg5 Bg4 23. Nxb6 axb6 *

[Event "17th Memorial Lezcano Montalvo 2025"]
[Site "Gran Canaria"]
[Date "2025.04.19"]
[Round "8.49"]
[White "Cabrera Martel, Isaac"]
[Black "Bangiev, Katharina"]
[Result "*"]
[Annotator "NA"]
[ECO "E76"]
[WhiteElo "1655"]
[BlackElo "1848"]
[PlyCount "25"]
[EventDate "2025.04.13"]
[EventType "swiss"]
[EventCountry "ESP"]
[SourceTitle "playchess.com"]
[Source "ChessBase"]
[SourceQuality "1"]
[TimeControl "5400+30"]

1. d4 Nf6 2. c4 g6 3. Nc3 Bg7 4. e4 d6 5. f4 Nbd7 6. Nf3 O-O 7. Be2 Re8 8. O-O e5 9. fxe5 dxe5 10. dxe5 Nxe5 11. Qxd8 Nxf3+ 12. Bxf3 Rxd8 13. Bg5 *

[Event "17th Memorial Lezcano Montalvo 2025"]
[Site "Gran Canaria"]
[Date "2025.04.19"]
[Round "8.50"]
[White "Schmitz, Manuela"]
[Black "Morell Rojas, Samuel"]
[Result "*"]
[Annotator "NA"]
[ECO "A49"]
[WhiteElo "1815"]
[BlackElo "1652"]
[PlyCount "24"]
[EventDate "2025.04.13"]
[EventType "swiss"]
[EventCountry "ESP"]
[SourceTitle "playchess.com"]
[Source "ChessBase"]
[SourceQuality "1"]
[TimeControl "5400+30"]

1. d4 Nf6 2. Nf3 g6 3. g3 Bg7 4. Bg2 d6 5. O-O O-O 6. b3 c5 7. dxc5 Ne4 8. Nd4 Nxc5 9. c3 e5 10. Nf3 Nc6 11. Ba3 Bf5 12. Bxc5 dxc5 *

[Event "17th Memorial Lezcano Montalvo 2025"]
[Site "Gran Canaria"]
[Date "2025.04.19"]
[Round "8.50"]
[White "Trocoli Romero, Luis Dingyu"]
[Black "Rossello Padron, Carlos"]
[Result "1-0"]
[Annotator "NA RC"]
[ECO "A49"]
[WhiteElo "1599"]
[BlackElo "1776"]
[PlyCount "101"]
[EventDate "2025.04.13"]
[EventType "swiss"]
[EventCountry "ESP"]
[SourceTitle "playchess.com"]
[Source "ChessBase"]
[SourceQuality "1"]
[TimeControl "5400+30"]

1. d4 Nf6 2. Nf3 g6 3. g3 Bg7 4. Bg2 d6 5. O-O O-O 6. b3 c5 7. dxc5 Ne4 8. Nd4 Nxc5 9. c3 e5 10. Nf3 Nc6 11. Ba3 Bf5 12. Bxc5 dxc5 13. Nh4 Bd7 14. Bd5 Qc7 15. e4 Rad8 16. Qc2 Ne7 17. c4 b5 18. Nc3 b4 19. Nd1 Nc6 20. Bxc6 Qxc6 21. Ne3 Bf6 22. Nhg2 Kh8 23. Nd5 Bg7 24. Rad1 f5 25. f3 Be6 26. Nh4 Qb7 27. Ng2 g5 28. Nge3 f4 29. Nf5 Bxf5 30. exf5 Qf7 31. g4 Rfe8 32. Kg2 Bf6 33. h3 Be7 34. Nc7 Rxd1 35. Rxd1 Rd8 36. Ne6 Rxd1 37. Qxd1 Bf6 38. Qd6 h5 39. Qf8+ Qxf8 40. Nxf8 hxg4 41. hxg4 Kg8 42. Nd7 Kf7 43. Nxc5 Ke8 44. Kf2 Kd8 45. Ke2 Be7 46. Ne4 Kd7 47. Kd3 a6 48. f6 Bd8 49. f7 Ke7 50. Nxg5 Kf8 51. Ne6+ 1-0

[Event "17th Memorial Lezcano Montalvo 2025"]
[Site "Gran Canaria"]
[Date "2025.04.19"]
[Round "8.51"]
[White "Guerra Aleman, Marcial"]
[Black "Leandro Tejera, Damian"]
[Result "1-0"]
[Annotator "NA RC"]
[ECO "A90"]
[WhiteElo "1766"]
[BlackElo "1546"]
[PlyCount "57"]
[EventDate "2025.04.13"]
[EventType "swiss"]
[EventCountry "ESP"]
[SourceTitle "playchess.com"]
[Source "ChessBase"]
[SourceQuality "1"]
[TimeControl "5400+30"]

1. Nf3 f5 2. g3 e6 3. Bg2 Nf6 4. O-O d5 5. d4 Bd6 6. c4 c6 7. Nc3 O-O 8. cxd5 exd5 9. Ne5 Nbd7 10. f4 Ne4 11. Nxe4 fxe4 12. a3 Qb6 13. e3 Nxe5 14. fxe5 Rxf1+ 15. Qxf1 Be7 16. b4 a5 17. bxa5 Qxa5 18. Qd1 Qc3 19. Bd2 Qb2 20. a4 Qb6 21. a5 Qc7 22. Qb3 b6 23. Bxe4 bxa5 24. Bxd5+ Kh8 25. Bg2 Rb8 26. Qc2 Bb4 27. Bxb4 Rxb4 28. Qxc6 Qb8 29. Qe8# 1-0

[Event "17th Memorial Lezcano Montalvo 2025"]
[Site "Gran Canaria"]
[Date "2025.04.19"]
[Round "8.51"]
[White "Angulo Diaz, Dario"]
[Black "Vargas Tinoco, Martin Alonso"]
[Result "*"]
[Annotator "NA"]
[ECO "A90"]
[WhiteElo "1568"]
[BlackElo "1811"]
[PlyCount "30"]
[EventDate "2025.04.13"]
[EventType "swiss"]
[EventCountry "ESP"]
[SourceTitle "playchess.com"]
[Source "ChessBase"]
[SourceQuality "1"]
[TimeControl "5400+30"]

1. Nf3 f5 2. g3 e6 3. Bg2 Nf6 4. O-O d5 5. d4 Bd6 6. c4 c6 7. Nc3 O-O 8. cxd5 exd5 9. Ne5 Nbd7 10. f4 Ne4 11. Nxe4 fxe4 12. a3 Qb6 13. e3 Nxe5 14. fxe5 Rxf1+ 15. Qxf1 Be7 *

[Event "17th Memorial Lezcano Montalvo 2025"]
[Site "Gran Canaria"]
[Date "2025.04.19"]
[Round "8.52"]
[White "Oramas Medina, Miguel"]
[Black "Roca Marrero, Fernando"]
[Result "*"]
[Annotator "NA"]
[ECO "D12"]
[WhiteElo "1796"]
[BlackElo "1617"]
[PlyCount "27"]
[EventDate "2025.04.13"]
[EventType "swiss"]
[EventCountry "ESP"]
[SourceTitle "playchess.com"]
[Source "ChessBase"]
[SourceQuality "1"]
[TimeControl "5400+30"]

1. d4 d5 2. c4 c6 3. Nf3 Bf5 4. e3 e6 5. a3 Nf6 6. Nc3 Be7 7. Be2 Nbd7 8. b4 a6 9. Bb2 h6 10. O-O O-O 11. Re1 Ne4 12. Nxe4 Bxe4 13. Ne5 Nxe5 14. dxe5 *

[Event "17th Memorial Lezcano Montalvo 2025"]
[Site "Gran Canaria"]
[Date "2025.04.19"]
[Round "8.53"]
[White "Alonso Galvez, Ana Belen"]
[Black "Sanchez Ramirez, Gustavo"]
[Result "*"]
[Annotator "NA"]
[ECO "A27"]
[WhiteElo "1554"]
[BlackElo "1780"]
[PlyCount "28"]
[EventDate "2025.04.13"]
[EventType "swiss"]
[EventCountry "ESP"]
[SourceTitle "playchess.com"]
[Source "ChessBase"]
[SourceQuality "1"]
[TimeControl "5400+30"]

1. c4 e5 2. Nc3 Nc6 3. Nf3 Bc5 4. Ne4 Be7 5. d4 exd4 6. Nxd4 Nf6 7. Nxf6+ Bxf6 8. e3 O-O 9. Be2 Nxd4 10. exd4 d5 11. c5 c6 12. O-O Qc7 13. Re1 Re8 14. Be3 g6 *

[Event "17th Memorial Lezcano Montalvo 2025"]
[Site "Gran Canaria"]
[Date "2025.04.19"]
[Round "8.54"]
[White "Martinez Correa, Rafael"]
[Black "Trocoli Romero, Luis Dingyu"]
[Result "*"]
[Annotator "NA"]
[ECO "E68"]
[WhiteElo "1719"]
[BlackElo "1599"]
[PlyCount "26"]
[EventDate "2025.04.13"]
[EventType "swiss"]
[EventCountry "ESP"]
[SourceTitle "playchess.com"]
[Source "ChessBase"]
[SourceQuality "1"]
[TimeControl "5400+30"]

1. c4 Nf6 2. Nc3 g6 3. g3 Bg7 4. Bg2 d6 5. d4 O-O 6. Nf3 Nbd7 7. O-O e5 8. b3 c6 9. e4 exd4 10. Nxd4 Nc5 11. Bb2 Re8 12. Qc2 a5 13. Rad1 Qb6 *

[Event "17th Memorial Lezcano Montalvo 2025"]
[Site "Gran Canaria"]
[Date "2025.04.19"]
[Round "8.55"]
[White "Rodriguez Trujillo, Cristian"]
[Black "Martinez Correa, Rafael"]
[Result "0-1"]
[Annotator "NA RC"]
[ECO "B22"]
[WhiteElo "1562"]
[BlackElo "1719"]
[PlyCount "118"]
[EventDate "2025.04.13"]
[EventType "swiss"]
[EventCountry "ESP"]
[SourceTitle "playchess.com"]
[Source "ChessBase"]
[SourceQuality "1"]
[TimeControl "5400+30"]

1. e4 c5 2. Nf3 Nc6 3. c3 d5 4. exd5 Qxd5 5. d4 Bf5 6. Na3 e6 7. Nb5 Rc8 8. Be3 a6 9. c4 Qd7 10. Nc3 cxd4 11. Nxd4 Bg6 12. Nxc6 Qxc6 13. Qa4 Nf6 14. Qxc6+ Rxc6 15. Rd1 Bb4 16. Bd4 Ke7 17. a3 Bc5 18. Bxc5+ Rxc5 19. b4 Rc7 20. c5 Rb8 21. Rc1 Rd8 22. Be2 Nd5 23. Nxd5+ Rxd5 24. O-O Bd3 25. Bf3 Bxf1 26. Bxd5 Bb5 27. Bc4 Bxc4 28. Rxc4 b6 29. Kf1 bxc5 30. Ke2 Kd6 31. Kd3 cxb4 32. Rd4+ Kc6 33. Rxb4 Rd7+ 34. Kc2 Rd5 35. a4 Rc5+ 36. Kd2 Rd5+ 37. Ke3 Rd1 38. a5 Rd6 39. Rb8 Kc7 40. Rf8 Rd7 41. Rh8 h6 42. Rg8 f6 43. Re8 e5 44. Re6 Rd6 45. Re7+ Kc6 46. Rxg7 Kb5 47. Rg6 Kxa5 48. Rxh6 Kb5 49. Rh8 a5 50. h4 a4 51. h5 a3 52. h6 a2 53. h7 a1=Q 54. Rb8+ Kc4 55. Rc8+ Kb3 56. h8=Q Qd4+ 57. Kf3 Qf4+ 58. Ke2 Rd2+ 59. Ke1 Qxf2# 0-1

[Event "17th Memorial Lezcano Montalvo 2025"]
[Site "Gran Canaria"]
[Date "2025.04.19"]
[Round "8.55"]
[White "Mykhyeyeva, Maria"]
[Black "Peraza Concepcion, Airam"]
[Result "*"]
[Annotator "NA"]
[ECO "B22"]
[WhiteElo "1478"]
[BlackElo "1712"]
[PlyCount "26"]
[EventDate "2025.04.13"]
[EventType "swiss"]
[EventCountry "ESP"]
[SourceTitle "playchess.com"]
[Source "ChessBase"]
[SourceQuality "1"]
[TimeControl "5400+30"]

1. e4 c5 2. Nf3 Nc6 3. c3 d5 4. exd5 Qxd5 5. d4 Bf5 6. Na3 e6 7. Nb5 Rc8 8. Be3 a6 9. c4 Qd7 10. Nc3 cxd4 11. Nxd4 Bg6 12. Nxc6 Qxc6 13. Qa4 Nf6 *

[Event "17th Memorial Lezcano Montalvo 2025"]
[Site "Gran Canaria"]
[Date "2025.04.19"]
[Round "8.56"]
[White "Fernandez De La Hoz A., Carlos"]
[Black "Jerez Baez, Alvaro"]
[Result "*"]
[Annotator "NA"]
[ECO "D94"]
[WhiteElo "1687"]
[BlackElo "1583"]
[PlyCount "33"]
[EventDate "2025.04.13"]
[EventType "swiss"]
[EventCountry "ESP"]
[SourceTitle "playchess.com"]
[Source "ChessBase"]
[SourceQuality "1"]
[TimeControl "5400+30"]

1. Nf3 g6 2. e3 Bg7 3. d4 Nf6 4. c4 O-O 5. Nc3 d5 6. h3 c6 7. b3 Re8 8. Bb2 Nbd7 9. Be2 a6 10. a4 e5 11. dxe5 Nxe5 12. Nxe5 Rxe5 13. Qd2 Re8 14. Rd1 Be6 15. O-O Qb6 16. Rb1 Rad8 17. cxd5 *